[Event "Mitropa Online Cup Open 2021"]
[Site "Hybrid"]
[Date "2021.05.04"]
[Round "4.2"]
[White "Blohberger, Felix"]
[Black "Pechac, Jergus"]
[Result "1/2-1/2"]
[ECO "C54"]
[WhiteElo "2463"]
[BlackElo "2519"]
[Annotator "ChessBase"]
[PlyCount "47"]
[EventDate "2021.05.04"]
[EventType "team-tourn"]
[EventCountry "NET"]
[SourceTitle "playchess.com"]
[Source "ChessBase"]
[SourceQuality "1"]
[WhiteTeam "Austria"]
[BlackTeam "Slovakia"]
[WhiteTeamCountry "AUT"]
[BlackTeamCountry "SVK"]
[TimeControl "40/5400+30:1800+30"]

1. e4 e5 2. Nf3 Nc6 3. Bc4 Bc5 4. c3 Nf6 5. d4 exd4 6. b4 Bb6 7. e5 Ne4 8. Bd5 Nxc3 9. Nxc3 dxc3 10. Bg5 Ne7 11. O-O h6 12. Bh4 a5 13. Re1 g5 14. Nxg5 hxg5 15. Bxg5 axb4 16. Qf3 Rf8 17. Bc4 Ra3 18. Qf6 c2 19. Bxf7+ Rxf7 20. Qh8+ Rf8 21. Qh5+ Rf7 22. Qh8+ Rf8 23. Qh5+ Rf7 24. Qh8+ 1/2-1/2

[Event "Mitropa Online Cup Open 2021"]
[Site "Hybrid"]
[Date "2021.05.04"]
[Round "4.2"]
[White "Schwabeneder, Florian"]
[Black "Nayhebaver, Martin"]
[Result "1/2-1/2"]
[ECO "B25"]
[WhiteElo "2443"]
[BlackElo "2485"]
[Annotator "ChessBase"]
[PlyCount "98"]
[EventDate "2021.05.04"]
[EventType "team-tourn"]
[EventCountry "NET"]
[SourceTitle "playchess.com"]
[Source "ChessBase"]
[SourceQuality "1"]
[WhiteTeam "Austria"]
[BlackTeam "Slovakia"]
[WhiteTeamCountry "AUT"]
[BlackTeamCountry "SVK"]
[TimeControl "40/5400+30:1800+30"]

1. e4 c5 2. Nc3 d6 3. g3 Nc6 4. Bg2 g6 5. d3 Bg7 6. Nge2 Nf6 7. O-O O-O 8. h3 Rb8 9. a4 a6 10. f4 Ne8 11. Nd5 b5 12. axb5 axb5 13. f5 e6 14. Ne3 Ne5 15. Nf4 b4 16. h4 Nc7 17. c3 bxc3 18. bxc3 Bb7 19. fxe6 fxe6 20. Bh3 Qe7 21. Rb1 Ba6 22. Rxb8 Rxb8 23. Rf2 Bh6 24. Ng4 Nxg4 25. Bxg4 Bg7 26. Qc2 Kh8 27. Be3 d5 28. exd5 exd5 29. Re2 Qd6 30. Bf2 Bc8 31. Bxc8 Rxc8 32. Qb3 Rd8 33. Qa3 d4 34. cxd4 Bxd4 35. Bxd4+ Qxd4+ 36. Kg2 Rf8 37. Re4 Qd6 38. Qc3+ Kg8 39. Qc4+ Kh8 40. Qc3+ Kg8 41. Re5 Rf5 42. Rxf5 gxf5 43. Qb3+ Kg7 44. Qb7 Kh6 45. Qc8 Nd5 46. Qe6+ Qxe6 47. Nxe6 c4 48. dxc4 Ne3+ 49. Kf3 Nxc4 1/2-1/2

[Event "Mitropa Online Cup Open 2021"]
[Site "Hybrid"]
[Date "2021.05.04"]
[Round "4.3"]
[White "Travadon, Loic"]
[Black "Babula, Vlastimil"]
[Result "0-1"]
[ECO "B47"]
[WhiteElo "2414"]
[BlackElo "2559"]
[Annotator "ChessBase"]
[PlyCount "86"]
[EventDate "2021.05.04"]
[EventType "team-tourn"]
[EventCountry "NET"]
[SourceTitle "playchess.com"]
[Source "ChessBase"]
[SourceQuality "1"]
[WhiteTeam "France"]
[BlackTeam "Czech Republic"]
[WhiteTeamCountry "FRA"]
[BlackTeamCountry "CZE"]
[TimeControl "40/5400+30:1800+30"]

1. e4 c5 2. Nf3 e6 3. d4 cxd4 4. Nxd4 Nc6 5. Nc3 Qc7 6. Be2 a6 7. Qd3 Nxd4 8. Qxd4 b5 9. Bg5 Bb7 10. Rd1 b4 11. Nb1 Nf6 12. Bxf6 gxf6 13. O-O Rg8 14. Bf3 Bc6 15. Qxf6 Bg7 16. Qg5 Qe5 17. Qxe5 Bxe5 18. c3 Ke7 19. cxb4 Bxb2 20. Rd2 Be5 21. Rc2 Rgb8 22. a3 a5 23. Rc5 Rb5 24. Rxb5 Bxb5 25. Rc1 axb4 26. axb4 Ra1 27. Rd1 Ba4 28. Rf1 Bb5 29. Rd1 Ba4 30. Rf1 Ra2 31. h4 Bd4 32. Kh2 Rb2 33. Kg3 Bb5 34. Rd1 Bxf2+ 35. Kh3 Rxb4 36. Nc3 Bc6 37. Rf1 Bd4 38. Na2 Ra4 39. Nc1 Ra1 40. Re1 Bc3 41. Rd1 Ba4 42. Rg1 Bd4 43. Re1 Bc2 0-1

[Event "Mitropa Online Cup Open 2021"]
[Site "Hybrid"]
[Date "2021.05.04"]
[Round "4.3"]
[White "Droin, Augustin"]
[Black "Kriebel, Tadeas"]
[Result "0-1"]
[ECO "C84"]
[WhiteElo "2292"]
[BlackElo "2527"]
[Annotator "ChessBase"]
[PlyCount "110"]
[EventDate "2021.05.04"]
[EventType "team-tourn"]
[EventCountry "NET"]
[SourceTitle "playchess.com"]
[Source "ChessBase"]
[SourceQuality "1"]
[WhiteTeam "France"]
[BlackTeam "Czech Republic"]
[WhiteTeamCountry "FRA"]
[BlackTeamCountry "CZE"]
[TimeControl "40/5400+30:1800+30"]

1. e4 e5 2. Nf3 Nc6 3. Bb5 a6 4. Ba4 Nf6 5. O-O Nxe4 6. d4 Be7 7. Qe2 b5 8. Qxe4 d5 9. Qe2 bxa4 10. dxe5 O-O 11. Rd1 a5 12. c3 Rb8 13. Bf4 Bf5 14. Rd2 Qc8 15. c4 dxc4 16. Qxc4 Qe6 17. Qxe6 fxe6 18. Na3 Be4 19. Bg3 Bd5 20. Rc1 Rxb2 21. Nc4 Rxd2 22. Nfxd2 Nd4 23. Kf1 a3 24. f3 Bb4 25. Nb1 Nb5 26. Be1 Rf4 27. Nxa5 Bxa2 28. Bxb4 Rxb4 29. Nxa3 Nxa3 30. Rxc7 Bd5 31. Nc6 Bxc6 32. Rxc6 Kf7 33. Kf2 Rb2+ 34. Kg3 Rb7 35. f4 Nb5 36. Kg4 Nd4 37. Ra6 Nf5 38. g3 Ne7 39. Kh3 Rc7 40. Kg4 Rc2 41. Kh3 Nc6 42. Kg4 Nd4 43. Ra4 Nf5 44. Ra7+ Kg6 45. Ra6 h5+ 46. Kf3 Rc3+ 47. Kf2 Nd4 48. Rb6 Kf5 49. Rb7 Ke4 50. h3 Rc2+ 51. Ke1 Rg2 52. Rxg7 Ke3 53. Kf1 Rf2+ 54. Ke1 Rh2 55. Kf1 Nf3 0-1

[Event "Mitropa Online Cup Open 2021"]
[Site "Hybrid"]
[Date "2021.05.04"]
[Round "4.4"]
[White "Bogner, Sebastian"]
[Black "Moroni, Luca Jr"]
[Result "1/2-1/2"]
[ECO "E04"]
[WhiteElo "2577"]
[BlackElo "2557"]
[Annotator "ChessBase"]
[PlyCount "85"]
[EventDate "2021.05.04"]
[EventType "team-tourn"]
[EventCountry "NET"]
[SourceTitle "playchess.com"]
[Source "ChessBase"]
[SourceQuality "1"]
[WhiteTeam "Switzerland"]
[BlackTeam "Italy"]
[WhiteTeamCountry "SUI"]
[BlackTeamCountry "ITA"]
[TimeControl "40/5400+30:1800+30"]

1. d4 d5 2. Nf3 Nf6 3. c4 e6 4. g3 dxc4 5. Bg2 c5 6. O-O Nc6 7. dxc5 Qxd1 8. Rxd1 Bxc5 9. Nbd2 c3 10. bxc3 O-O 11. Nb3 Be7 12. c4 Bd7 13. Bb2 Rfd8 14. Nfd4 Rac8 15. Nb5 b6 16. Nd6 Rc7 17. Nb5 Rcc8 18. Nd6 Rc7 19. Ba3 Ne5 20. Nb5 Bxb5 21. Rxd8+ Bxd8 22. cxb5 Be7 23. Bxe7 Rxe7 24. Rc1 g5 25. Nd4 Kg7 26. e3 Nd3 27. Rc8 Nc5 28. Kf1 Nfe4 29. Bxe4 Nxe4 30. f3 Nd6 31. Rc6 Nf5 32. Nxf5+ exf5 33. Ke2 f4 34. gxf4 gxf4 35. e4 f5 36. Rc4 Kf6 37. Kd3 Kg5 38. Rd4 fxe4+ 39. Rxe4 Rd7+ 40. Rd4 Re7 41. Re4 Rd7+ 42. Rd4 Re7 43. Re4 1/2-1/2

[Event "Mitropa Online Cup Open 2021"]
[Site "Hybrid"]
[Date "2021.05.04"]
[Round "4.4"]
[White "Basso, Pier Luigi"]
[Black "Studer, Noel"]
[Result "1/2-1/2"]
[ECO "E20"]
[WhiteElo "2552"]
[BlackElo "2579"]
[Annotator "ChessBase"]
[PlyCount "70"]
[EventDate "2021.05.04"]
[EventType "team-tourn"]
[EventCountry "NET"]
[SourceTitle "playchess.com"]
[Source "ChessBase"]
[SourceQuality "1"]
[WhiteTeam "Italy"]
[BlackTeam "Switzerland"]
[WhiteTeamCountry "ITA"]
[BlackTeamCountry "SUI"]
[TimeControl "40/5400+30:1800+30"]

1. d4 Nf6 2. c4 e6 3. Nc3 Bb4 4. f3 c5 5. d5 O-O 6. e4 d6 7. Nge2 b5 8. Nf4 exd5 9. Nfxd5 Nxd5 10. Qxd5 Qb6 11. cxb5 Bb7 12. Qc4 Re8 13. Kf2 Nd7 14. Be3 Ne5 15. Qxb4 cxb4 16. Bxb6 axb6 17. Nd1 d5 18. exd5 Bxd5 19. Ne3 Bxa2 20. Be2 Bb3 21. f4 Nd7 22. Bc4 Bxc4 23. Rxa8 Rxa8 24. Nxc4 Rc8 25. b3 Nc5 26. Nxb6 Rb8 27. Na4 Rxb5 28. Nxc5 Rxc5 29. Rd1 f5 30. Rd8+ Kf7 31. Rb8 Rc2+ 32. Kf1 Rc1+ 33. Kf2 Rc2+ 34. Kf1 Rc1+ 35. Kf2 Rc2+ 1/2-1/2

[Event "Mitropa Online Cup Open 2021"]
[Site "Hybrid"]
[Date "2021.05.04"]
[Round "4.4"]
[White "Lodici, Lorenzo"]
[Black "Baenziger, Fabian"]
[Result "1-0"]
[ECO "B23"]
[WhiteElo "2483"]
[BlackElo "2400"]
[Annotator "ChessBase"]
[PlyCount "83"]
[EventDate "2021.05.04"]
[EventType "team-tourn"]
[EventCountry "NET"]
[SourceTitle "playchess.com"]
[Source "ChessBase"]
[SourceQuality "1"]
[WhiteTeam "Italy"]
[BlackTeam "Switzerland"]
[WhiteTeamCountry "ITA"]
[BlackTeamCountry "SUI"]
[TimeControl "40/5400+30:1800+30"]

1. e4 c5 2. Nc3 d6 3. d4 cxd4 4. Qxd4 Nc6 5. Qd2 g6 6. b3 Bh6 7. f4 f5 8. Bb2 Nf6 9. Bd3 Qa5 10. exf5 Bxf5 11. Nge2 O-O-O 12. a3 Bxd3 13. Qxd3 Qf5 14. Rd1 Rhf8 15. O-O Qxd3 16. Rxd3 Bg7 17. Nd5 Rf7 18. Ne3 Nh5 19. Bxg7 Nxg7 20. c4 Ne6 21. b4 Rdf8 22. g3 h5 23. h4 Ng7 24. Rc1 Nf5 25. c5 Nxe3 26. Rxe3 a6 27. cxd6 exd6 28. Nc3 Kd7 29. Nd5 Re8 30. Rd3 Re2 31. Rcd1 Ke6 32. Nc3 Rc2 33. Rxd6+ Kf5 34. R1d5+ Kg4 35. Ne4 Re7 36. Rxg6+ Kf3 37. Nd2+ Ke2 38. Rgd6 Re3 39. Nf1 Rxa3 40. f5 Kf3 41. f6 Ra1 42. Rd3+ 1-0

[Event "Mitropa Online Cup Open 2021"]
[Site "Hybrid"]
[Date "2021.05.04"]
[Round "4.4"]
[White "Kurmann, Oliver"]
[Black "Sonis, Francesco"]
[Result "1/2-1/2"]
[ECO "B23"]
[WhiteElo "2430"]
[BlackElo "2493"]
[Annotator "ChessBase"]
[PlyCount "111"]
[EventDate "2021.05.04"]
[EventType "team-tourn"]
[EventCountry "NET"]
[SourceTitle "playchess.com"]
[Source "ChessBase"]
[SourceQuality "1"]
[WhiteTeam "Switzerland"]
[BlackTeam "Italy"]
[WhiteTeamCountry "SUI"]
[BlackTeamCountry "ITA"]
[TimeControl "40/5400+30:1800+30"]

1. e4 c5 2. Nc3 d6 3. f4 g6 4. d4 cxd4 5. Qxd4 Nf6 6. Nf3 Bg7 7. Bd3 O-O 8. Qf2 Nc6 9. O-O Nd7 10. f5 Nc5 11. Qh4 Nxd3 12. fxg6 fxg6 13. cxd3 e6 14. Qxd8 Rxd8 15. Bg5 Rd7 16. Rad1 b5 17. Rd2 b4 18. Ne2 Ba6 19. Be3 Rc8 20. d4 Na5 21. b3 Rdc7 22. Rb1 Rc2 23. Rb2 Rxb2 24. Rxb2 Bb7 25. Ng3 Rc3 26. Kf2 Rc8 27. Ke1 Nc6 28. Kd2 a5 29. Rc2 a4 30. Kc1 axb3 31. axb3 Ra8 32. Kb2 h6 33. h4 g5 34. hxg5 hxg5 35. Ne2 g4 36. Ng5 Bh6 37. Bd2 Nd8 38. Rc7 Bxg5 39. Bxg5 Bxe4 40. g3 e5 41. Be3 Bf3 42. Nc1 Nc6 43. Nd3 exd4 44. Bd2 Rb8 45. Nf4 Rb5 46. Rd7 Be4 47. Ne6 Bf5 48. Rxd6 Bxe6 49. Rxc6 Re5 50. Rd6 Re2 51. Rxd4 Rg2 52. Rd3 Bf5 53. Rd5 Be6 54. Rd3 Bf5 55. Rd5 Be6 56. Rd3 1/2-1/2

[Event "Mitropa Online Cup Open 2021"]
[Site "Hybrid"]
[Date "2021.05.04"]
[Round "4.5"]
[White "Zelcic, Robert"]
[Black "Spalir, Jernej"]
[Result "1-0"]
[ECO "C06"]
[WhiteElo "2539"]
[BlackElo "2389"]
[Annotator "ChessBase"]
[PlyCount "123"]
[EventDate "2021.05.04"]
[EventType "team-tourn"]
[EventCountry "NET"]
[SourceTitle "playchess.com"]
[Source "ChessBase"]
[SourceQuality "1"]
[WhiteTeam "Croatia"]
[BlackTeam "Slovenia"]
[WhiteTeamCountry "CRO"]
[BlackTeamCountry "SLO"]
[TimeControl "40/5400+30:1800+30"]

1. e4 e6 2. d4 d5 3. Nd2 Nf6 4. Bd3 c5 5. e5 Nfd7 6. c3 Nc6 7. Ne2 cxd4 8. cxd4 f6 9. exf6 Nxf6 10. Nf3 Bd6 11. O-O O-O 12. Bf4 Bxf4 13. Nxf4 Ne4 14. Ne2 Bd7 15. Bxe4 dxe4 16. Nd2 Qb6 17. Nc4 Qa6 18. Nd6 Rad8 19. Nxe4 Bc8 20. Qc2 Nxd4 21. Nxd4 Rxd4 22. Rad1 Qc4 23. Qxc4 Rxc4 24. f3 Rb4 25. Rd2 b6 26. Rc1 Bb7 27. a3 Rb3 28. Nc3 h6 29. Re1 Bd5 30. Kf2 Rf7 31. Re3 Bc4 32. Re4 Rc7 33. Re3 Kf7 34. Ne4 Rxe3 35. Kxe3 Bd5 36. Nd6+ Ke7 37. Nb5 Rc5 38. Nxa7 Kd7 39. a4 Ra5 40. Nb5 Rxa4 41. Nc3 Ra5 42. Rd4 Kc6 43. Rg4 Ra7 44. Kd4 Bb3 45. Ke3 Kc5 46. h4 b5 47. Rf4 Bc2 48. b4+ Kc6 49. Rf8 Rd7 50. Rc8+ Kb6 51. Nxb5 Bh7 52. Rb8+ Kc6 53. Nd4+ Kd5 54. Rc8 Rb7 55. Rc5+ Kd6 56. Nb5+ Kd7 57. Kd4 Bb1 58. Ke5 Bd3 59. Nd4 Rxb4 60. Nxe6 Rxh4 61. Rc7+ Ke8 62. Kd6 1-0

[Event "Mitropa Online Cup Open 2021"]
[Site "Hybrid"]
[Date "2021.05.04"]
[Round "4.5"]
[White "Rogic, Davor"]
[Black "Sebenik, Matej"]
[Result "1/2-1/2"]
[ECO "C07"]
[WhiteElo "2492"]
[BlackElo "2498"]
[Annotator "ChessBase"]
[PlyCount "61"]
[EventDate "2021.05.04"]
[EventType "team-tourn"]
[EventCountry "NET"]
[SourceTitle "playchess.com"]
[Source "ChessBase"]
[SourceQuality "1"]
[WhiteTeam "Croatia"]
[BlackTeam "Slovenia"]
[WhiteTeamCountry "CRO"]
[BlackTeamCountry "SLO"]
[TimeControl "40/5400+30:1800+30"]

1. e4 e6 2. d4 d5 3. Nd2 c5 4. Ngf3 cxd4 5. Nxd4 Nc6 6. Bb5 Bd7 7. Nxc6 bxc6 8. Bd3 Bd6 9. Qe2 e5 10. exd5 cxd5 11. c4 Ne7 12. cxd5 Nxd5 13. Nc4 Bb4+ 14. Bd2 O-O 15. O-O Bxd2 16. Qxd2 Nf4 17. Rfd1 Qc7 18. Bf1 Be6 19. Qd6 Qb7 20. Nxe5 Qxb2 21. Nd7 Rad8 22. Rab1 Qc2 23. Qxf4 Rxd7 24. Rxd7 Qxb1 25. Rxa7 Bxa2 26. Rc7 Be6 27. Qc1 Qxc1 28. Rxc1 Rc8 29. Rxc8+ Bxc8 30. f3 Kf8 31. Kf2 1/2-1/2

[Event "Mitropa Online Cup Open 2021"]
[Site "Hybrid"]
[Date "2021.05.04"]
[Round "4.5"]
[White "Markoja, Boris"]
[Black "Kovacevic, Blazimir"]
[Result "1-0"]
[ECO "A15"]
[WhiteElo "2442"]
[BlackElo "2410"]
[Annotator "NA"]
[PlyCount "113"]
[EventDate "2021.05.04"]
[EventType "team-tourn"]
[EventCountry "NET"]
[SourceTitle "playchess.com"]
[Source "ChessBase"]
[SourceQuality "1"]
[WhiteTeam "Slovenia"]
[BlackTeam "Croatia"]
[WhiteTeamCountry "SLO"]
[BlackTeamCountry "CRO"]
[TimeControl "40/5400+30:1800+30"]

1. c4 e6 2. g3 Nf6 3. Bg2 Be7 4. d4 O-O 5. e4 d5 6. e5 Nfd7 7. cxd5 exd5 8. Nf3 Nb6 9. Nc3 Nc6 10. O-O Bf5 11. h3 Qd7 12. Kh2 f6 13. Bf4 Rae8 14. b3 g5 15. exf6 gxf4 16. fxe7 fxg3+ 17. fxg3 Rxe7 18. Nh4 Be6 19. Rxf8+ Kxf8 20. Qd2 Ke8 21. Ne2 Kd8 22. Nf4 Kc8 23. Rf1 Qd6 24. Nxe6 Qxe6 25. Nf5 Rf7 26. g4 Ne7 27. Re1 Qf6 28. Qe3 Kd7 29. Nxe7 Rxe7 30. Qxe7+ Qxe7 31. Rxe7+ Kxe7 32. Kg3 c6 33. g5 Nc8 34. Bf1 Kf7 35. Bd3 Kg7 36. Kf4 Nd6 37. h4 Nf7 38. Kf5 h6 39. gxh6+ Nxh6+ 40. Ke6 Ng4 41. Kd6 Nf2 42. Bc2 Ne4+ 43. Kc7 c5 44. Kxb7 cxd4 45. Kxa7 Nc5 46. b4 d3 47. Bb1 d2 48. Bc2 Nd3 49. b5 Nb4 50. Bb3 Nxa2 51. b6 Nb4 52. b7 Nc6+ 53. Kb6 Nb8 54. Kc5 d4 55. Kxd4 Nc6+ 56. Ke3 Na5 57. b8=Q 1-0

[Event "Mitropa Online Cup Open 2021"]
[Site "Hybrid"]
[Date "2021.05.04"]
[Round "4.5"]
[White "Dobrovoljc, Vid"]
[Black "Tica, Sven"]
[Result "1-0"]
[ECO "B11"]
[WhiteElo "2377"]
[BlackElo "2396"]
[Annotator "NA"]
[PlyCount "83"]
[EventDate "2021.05.04"]
[EventType "team-tourn"]
[EventCountry "NET"]
[SourceTitle "playchess.com"]
[Source "ChessBase"]
[SourceQuality "1"]
[WhiteTeam "Slovenia"]
[BlackTeam "Croatia"]
[WhiteTeamCountry "SLO"]
[BlackTeamCountry "CRO"]
[TimeControl "40/5400+30:1800+30"]

1. e4 c6 2. Nf3 d5 3. Nc3 dxe4 4. Nxe4 Nf6 5. Qe2 Nxe4 6. Qxe4 Nd7 7. Bc4 Nf6 8. Ne5 e6 9. Qe2 b5 10. Bd3 Qc7 11. a4 Bd6 12. Nf3 O-O 13. Ng5 h6 14. Ne4 Nxe4 15. Bxe4 f5 16. Bf3 e5 17. g3 e4 18. Bg2 Be6 19. O-O Rae8 20. d3 exd3 21. cxd3 f4 22. Bxf4 Bxf4 23. gxf4 Rxf4 24. Rae1 Bd7 25. Qh5 Ref8 26. axb5 R8f5 27. Qg6 Rg5 28. Re8+ Bxe8 29. Qxe8+ Kh7 30. Qxc6 Qe5 31. Kh1 Qxb5 32. Be4+ Kg8 33. Qe6+ Rf7 34. Rc1 Rc5 35. Rxc5 Qxc5 36. Bd5 Qc1+ 37. Kg2 Qg5+ 38. Kf1 Qc1+ 39. Kg2 Qg5+ 40. Kf1 Qc1+ 41. Qe1 Qc8 42. Qe7 1-0

[Event "Mitropa Online Cup Open 2021"]
[Site "Hybrid"]
[Date "2021.05.04"]
[Round "5.1"]
[White "Markoja, Boris"]
[Black "Prusikin, Michael"]
[Result "1/2-1/2"]
[ECO "E06"]
[WhiteElo "2442"]
[BlackElo "2547"]
[Annotator "ChessBase"]
[PlyCount "60"]
[EventDate "2021.05.04"]
[EventType "team-tourn"]
[EventCountry "NET"]
[SourceTitle "playchess.com"]
[Source "ChessBase"]
[SourceQuality "1"]
[WhiteTeam "Slovenia"]
[BlackTeam "Germany"]
[WhiteTeamCountry "SLO"]
[BlackTeamCountry "GER"]
[TimeControl "40/5400+30:1800+30"]

1. d4 d5 2. c4 e6 3. Nf3 Nf6 4. g3 Be7 5. Bg2 O-O 6. Nc3 c6 7. O-O b6 8. b3 Ba6 9. Nd2 b5 10. Bb2 bxc4 11. bxc4 dxc4 12. Qc2 Nd5 13. Rfd1 Nd7 14. a3 Rb8 15. e4 Nxc3 16. Bxc3 Qc7 17. Bf1 Nb6 18. a4 c5 19. a5 Nd7 20. d5 exd5 21. exd5 Ne5 22. Qe4 Bd6 23. Rab1 Rbe8 24. Qc2 h5 25. Bxe5 Rxe5 26. Nxc4 Bxc4 27. Qxc4 Qxa5 28. Ra1 Qc7 29. Ra6 Qe7 30. Qa2 Qf6 1/2-1/2

[Event "Mitropa Online Cup Open 2021"]
[Site "Hybrid"]
[Date "2021.05.04"]
[Round "5.1"]
[White "Spalir, Jernej"]
[Black "Koellner, Ruben Gideon"]
[Result "1/2-1/2"]
[ECO "D36"]
[WhiteElo "2389"]
[BlackElo "2412"]
[Annotator "NA"]
[PlyCount "102"]
[EventDate "2021.05.04"]
[EventType "team-tourn"]
[EventCountry "NET"]
[SourceTitle "playchess.com"]
[Source "ChessBase"]
[SourceQuality "1"]
[WhiteTeam "Slovenia"]
[BlackTeam "Germany"]
[WhiteTeamCountry "SLO"]
[BlackTeamCountry "GER"]
[TimeControl "40/5400+30:1800+30"]

1. d4 d5 2. c4 e6 3. Nc3 Nf6 4. cxd5 exd5 5. Bg5 Be7 6. e3 c6 7. Bd3 h6 8. Bh4 Nbd7 9. Qc2 Nh5 10. Bxe7 Qxe7 11. O-O-O Nb6 12. Nf3 Be6 13. Kb1 Nf6 14. h3 O-O-O 15. Rc1 Kb8 16. Na4 Nxa4 17. Qxa4 Ne4 18. Qc2 Bf5 19. Nd2 Nxd2+ 20. Qxd2 Bxd3+ 21. Qxd3 Rhf8 22. Qf5 Rd6 23. Rc2 Rf6 24. Qg4 Re6 25. Qf5 Qd6 26. g3 g6 27. Qd3 f5 28. h4 Qe7 29. a3 a6 30. Rc3 Re4 31. Ka2 g5 32. hxg5 hxg5 33. Rh6 Ka7 34. Qc2 Rf6 35. Rxf6 Qxf6 36. Qd1 f4 37. gxf4 gxf4 38. Qf3 Qe6 39. Rb3 fxe3 40. fxe3 Qe7 41. Qg3 Rh4 42. Rc3 Rh1 43. Qg6 Rh3 44. Qd3 Qh7 45. Qxh7 Rxh7 46. Rc2 Re7 47. Re2 a5 48. Kb3 b6 49. Kc3 c5 50. b3 Re4 51. Kd3 Rh4 1/2-1/2

[Event "Mitropa Online Cup Open 2021"]
[Site "Hybrid"]
[Date "2021.05.04"]
[Round "5.1"]
[White "Krastev, Alexander"]
[Black "Dobrovoljc, Vid"]
[Result "1/2-1/2"]
[ECO "C55"]
[WhiteElo "2367"]
[BlackElo "2377"]
[Annotator "NA"]
[PlyCount "63"]
[EventDate "2021.05.04"]
[EventType "team-tourn"]
[EventCountry "NET"]
[SourceTitle "playchess.com"]
[Source "ChessBase"]
[SourceQuality "1"]
[WhiteTeam "Germany"]
[BlackTeam "Slovenia"]
[WhiteTeamCountry "GER"]
[BlackTeamCountry "SLO"]
[TimeControl "40/5400+30:1800+30"]

1. e4 e5 2. Nf3 Nc6 3. Bc4 Nf6 4. d3 Be7 5. O-O O-O 6. Re1 d6 7. a4 Kh8 8. h3 Be6 9. Nbd2 Qd7 10. Nf1 Rad8 11. Ng3 h6 12. c3 Rfe8 13. a5 a6 14. Bxe6 Qxe6 15. d4 d5 16. Qb3 Nxe4 17. Nxe4 dxe4 18. Qxe6 fxe6 19. Nxe5 Nxe5 20. dxe5 Rf8 21. Be3 Rd5 22. b4 Rxe5 23. Bd4 Rd5 24. Rxe4 c5 25. bxc5 Bxc5 26. Rxe6 Bxd4 27. cxd4 Rxd4 28. Ra2 Rf7 29. Re5 Rfd7 30. f3 Rd2 31. Rxd2 Rxd2 32. Re7 1/2-1/2

[Event "Mitropa Online Cup Open 2021"]
[Site "Hybrid"]
[Date "2021.05.04"]
[Round "5.2"]
[White "Moroni, Luca Jr"]
[Black "Rogic, Davor"]
[Result "1-0"]
[ECO "D52"]
[WhiteElo "2557"]
[BlackElo "2492"]
[Annotator "ChessBase"]
[PlyCount "51"]
[EventDate "2021.05.04"]
[EventType "team-tourn"]
[EventCountry "NET"]
[SourceTitle "playchess.com"]
[Source "ChessBase"]
[SourceQuality "1"]
[WhiteTeam "Italy"]
[BlackTeam "Croatia"]
[WhiteTeamCountry "ITA"]
[BlackTeamCountry "CRO"]
[TimeControl "40/5400+30:1800+30"]

1. d4 d5 2. c4 c6 3. Nc3 Nf6 4. Nf3 e6 5. Bg5 Nbd7 6. e3 Qa5 7. Nd2 dxc4 8. Bxf6 Nxf6 9. Nxc4 Qc7 10. Rc1 Be7 11. g3 O-O 12. Bg2 Rd8 13. O-O Bd7 14. e4 Rac8 15. e5 Ne8 16. a3 a5 17. Qd2 b6 18. f4 Qa7 19. Ne3 Nc7 20. Kh1 b5 21. Ne4 Be8 22. Rfd1 b4 23. a4 c5 24. Nxc5 Nb5 25. axb5 Rxc5 26. b6 1-0

[Event "Mitropa Online Cup Open 2021"]
[Site "Hybrid"]
[Date "2021.05.04"]
[Round "5.2"]
[White "Brunello, Sabino"]
[Black "Zelcic, Robert"]
[Result "1/2-1/2"]
[ECO "A32"]
[WhiteElo "2519"]
[BlackElo "2539"]
[Annotator "ChessBase"]
[PlyCount "186"]
[EventDate "2021.05.04"]
[EventType "team-tourn"]
[EventCountry "NET"]
[SourceTitle "playchess.com"]
[Source "ChessBase"]
[SourceQuality "1"]
[WhiteTeam "Italy"]
[BlackTeam "Croatia"]
[WhiteTeamCountry "ITA"]
[BlackTeamCountry "CRO"]
[TimeControl "40/5400+30:1800+30"]

1. d4 Nf6 2. c4 e6 3. Nf3 Bb4+ 4. Nc3 c5 5. Bd2 cxd4 6. Nxd4 O-O 7. e3 d5 8. cxd5 Nxd5 9. Nxd5 Bxd2+ 10. Qxd2 Qxd5 11. Rc1 Rd8 12. Qc3 Bd7 13. Qc4 Qd6 14. Be2 Nc6 15. Nb5 Qe5 16. Nc3 Ne7 17. Qb4 Nf5 18. Bf3 a5 19. Qb6 Bc6 20. Bxc6 bxc6 21. O-O Rab8 22. Rfd1 Rf8 23. Qxc6 Rxb2 24. a4 h6 25. Qe4 Qxe4 26. Nxe4 Rfb8 27. g3 Ra2 28. Ra1 Rc2 29. Rdc1 Rbc8 30. Rxc2 Rxc2 31. Kf1 g5 32. g4 Nh4 33. h3 f5 34. Nd6 f4 35. exf4 gxf4 36. Nb7 e5 37. Nxa5 e4 38. Nb3 e3 39. fxe3 fxe3 40. Nd4 Rf2+ 41. Kg1 Rd2 42. Ra3 Rxd4 43. Rxe3 Rxa4 44. Kf2 Kf7 45. Kg3 Ng6 46. Rb3 Re4 47. Ra3 Re7 48. Rf3+ Kg7 49. Ra3 Ne5 50. Kh4 Ng6+ 51. Kg3 Rd7 52. Rb3 Ne5 53. Kh4 Nf7 54. Ra3 Kg6 55. Ra6+ Rd6 56. Ra3 Ng5 57. Kg3 Rc6 58. Kh4 Ne4 59. Re3 Rc4 60. Re1 Ng5 61. Re3 Rc1 62. Ra3 Rh1 63. Ra6+ Kg7 64. Ra3 Ne6 65. Ra7+ Kg6 66. Ra6 Re1 67. Ra3 Nf4 68. Kg3 Nd5 69. Ra6+ Kg7 70. Kh4 Re7 71. Ra3 Re6 72. Ra5 Re5 73. Ra7+ Kf6 74. Ra6+ Kg7 75. Ra7+ Kg6 76. Ra6+ Nf6 77. Ra3 Re6 78. Kg3 Rd6 79. Kh4 Nd7 80. Ra5 Nf8 81. Ra8 Ne6 82. Ra3 Nf4 83. Ra4 Ng2+ 84. Kg3 Ne1 85. Kf2 Nd3+ 86. Kg3 Nc5 87. Ra5 Ne6 88. Kh4 Ng5 89. Ra3 Rf6 90. Kg3 Rc6 91. Kh4 Ne4 92. Re3 Rc4 93. Ra3 Rd4 1/2-1/2

[Event "Mitropa Online Cup Open 2021"]
[Site "Hybrid"]
[Date "2021.05.04"]
[Round "5.2"]
[White "Kovacevic, Blazimir"]
[Black "Basso, Pier Luigi"]
[Result "0-1"]
[ECO "D02"]
[WhiteElo "2410"]
[BlackElo "2552"]
[Annotator "ChessBase"]
[PlyCount "86"]
[EventDate "2021.05.04"]
[EventType "team-tourn"]
[EventCountry "NET"]
[SourceTitle "playchess.com"]
[Source "ChessBase"]
[SourceQuality "1"]
[WhiteTeam "Croatia"]
[BlackTeam "Italy"]
[WhiteTeamCountry "CRO"]
[BlackTeamCountry "ITA"]
[TimeControl "40/5400+30:1800+30"]

1. Nf3 d5 2. g3 Nc6 3. d4 Bf5 4. Bg2 Nb4 5. Na3 e6 6. O-O Be7 7. c3 Nc6 8. Qa4 Bxa3 9. Qxa3 Be4 10. Re1 Nge7 11. Bf1 O-O 12. Nd2 Bg6 13. e4 Qd7 14. Bh3 b5 15. exd5 Nxd5 16. Qc5 Rab8 17. Nf3 b4 18. Ne5 Nxe5 19. dxe5 bxc3 20. bxc3 Qa4 21. Bf1 Rb6 22. Be3 Rfb8 23. Qd4 Qa3 24. c4 Nxe3 25. Rxe3 Qa5 26. Rd1 h6 27. a3 Rb2 28. Bd3 Rd2 29. Rxd2 Qxd2 30. Qxa7 Rb2 31. Qa8+ Kh7 32. Bxg6+ fxg6 33. Qf3 Qc1+ 34. Kg2 Rb1 35. Qe2 c5 36. Rf3 Qh1+ 37. Kh3 Rg1 38. Kg4 Re1 39. Qd3 Qxh2 40. Rf7 Qh5+ 41. Kf4 Qxe5+ 42. Kf3 Qh5+ 43. Kf4 e5# 0-1